Workbook

Sheet 2025 Totals
B1: CASCADE NATURAL GAS CORPORATION
B2: 2025 LOW INCOME Program Participant Cost Effectiveness Estimates
B3: TOTAL by MEASURE
B5: MEASURE | C5: MEASURES | D5: TOTAL ANNUAL THERM SAVINGS | E5: MEASURE INSTALLED COST | F5: NON-ENERGY BENEFITS (10% of cost) | G5: MEASURE LIFE | H5: DISCOUNTED THERM SAVINGS | I5: PROJECT COORDINATION FEE (30% of cost) | J5: INDIRECT RATE (10% of cost) | K5: CASCADE ADMIN | L5: PROGRAM REBATE W/COORDINATION FEE & INDIRECT RATE | M5: UTILITY COST | N5: UC W/DELIVERY & ADMIN | O5: BENEFIT COST RATIO | Q5: TOTAL RESOURCE COST | R5: TRC W/DELIVERY & ADMIN | S5: BENEFIT COST RATIO
A6: =_xlfn.CONCAT(B6," ","T") -> Attic/Ceiling Insulation T | B6: Attic/Ceiling Insulation | C6: 55 | D6: 4890.7 | E6: 212041.14 | F6: =ROUND(0.1*E6,2) -> 21204.11 | G6: 45 | H6: =PV($C$23,G6,-D6) -> 86169.893 | I6: =ROUND(E6*0.3,2) -> 63612.34 | J6: =ROUND(E6*0.1,2) -> 21204.11 | K6: =$C$24*(D6/$D$20) -> 113160.9 | L6: =E6+I6+J6 -> 296857.59 | M6: =IF(ISERROR(L6/H6),0,L6/H6) -> 3.4450268 | N6: =IFERROR((L6+K6)/H6,0) -> 4.7582569 | O6: =IF(C6=0,0,(VLOOKUP($G6,'[1]APP 2885'!B10:G51,6)*$D6)/($L6+$K6)) -> 1.0347539 | Q6: =IF(ISERROR((E6-F6)/H6),0,(E6-F6)/H6) -> 2.2146602 | R6: =IF(C6=0,0,((E6-F6+K6)/H6)) -> 3.5278903 | S6: =IF(C6=0,0,(VLOOKUP($G6,'[1]APP 2885'!B10:G51,4)*$D6)/($E6-$F6+$K6)) -> 1.2688557
A7: =_xlfn.CONCAT(B7," ","T") -> Wall Insulation T | B7: Wall Insulation | C7: 28 | D7: 1561.9 | E7: 127567.86 | F7: =ROUND(0.1*E7,2) -> 12756.79 | G7: 45 | H7: =PV($C$23,G7,-D7) -> 27519.324 | I7: =ROUND(E7*0.3,2) -> 38270.36 | J7: =ROUND(E7*0.1,2) -> 12756.79 | K7: =$C$24*(D7/$D$20) -> 36139.205 | L7: =E7+I7+J7 -> 178595.01 | M7: =IF(ISERROR(L7/H7),0,L7/H7) -> 6.4898038 | N7: =IFERROR((L7+K7)/H7,0) -> 7.8030339 | O7: =IF(C7=0,0,(VLOOKUP($G7,'[1]APP 2885'!B10:G51,6)*$D7)/($L7+$K7)) -> 0.63098852 | Q7: =IF(ISERROR((E7-F7)/H7),0,(E7-F7)/H7) -> 4.1720164 | R7: =IF(C7=0,0,((E7-F7+K7)/H7)) -> 5.4852465 | S7: =IF(C7=0,0,(VLOOKUP($G7,'[1]APP 2885'!B10:G51,4)*$D7)/($E7-$F7+$K7)) -> 0.81607704
A8: =_xlfn.CONCAT(B8," ","T") -> Floor Insulation T | B8: Floor Insulation | C8: 48 | D8: 2724.8 | E8: 325757.09 | F8: =ROUND(0.1*E8,2) -> 32575.71 | G8: 45 | H8: =PV($C$23,G8,-D8) -> 48008.613 | I8: =ROUND(E8*0.3,2) -> 97727.13 | J8: =ROUND(E8*0.1,2) -> 32575.71 | K8: =$C$24*(D8/$D$20) -> 63046.357 | L8: =E8+I8+J8 -> 456059.93 | M8: =IF(ISERROR(L8/H8),0,L8/H8) -> 9.4995439 | N8: =IFERROR((L8+K8)/H8,0) -> 10.812774 | O8: =IF(C8=0,0,(VLOOKUP($G8,'[1]APP 2885'!B10:G51,6)*$D8)/($L8+$K8)) -> 0.4553526 | Q8: =IF(ISERROR((E8-F8)/H8),0,(E8-F8)/H8) -> 6.1068496 | R8: =IF(C8=0,0,((E8-F8+K8)/H8)) -> 7.4200797 | S8: =IF(C8=0,0,(VLOOKUP($G8,'[1]APP 2885'!B10:G51,4)*$D8)/($E8-$F8+$K8)) -> 0.60327974
A9: =_xlfn.CONCAT(B9," ","T") -> Duct Insulation T | B9: Duct Insulation | C9: 28 | D9: 983.96 | E9: 90842.28 | F9: =ROUND(0.1*E9,2) -> 9084.23 | G9: 13 | H9: =PV($C$23,G9,-D9) -> 9209.6024 | I9: =ROUND(E9*0.3,2) -> 27252.68 | J9: =ROUND(E9*0.1,2) -> 9084.23 | K9: =$C$24*(D9/$D$20) -> 22766.843 | L9: =E9+I9+J9 -> 127179.19 | M9: =IF(ISERROR(L9/H9),0,L9/H9) -> 13.809412 | N9: =IFERROR((L9+K9)/H9,0) -> 16.281488 | O9: =IF(C9=0,0,(VLOOKUP($G9,'[1]APP 2885'!B10:G51,6)*$D9)/($L9+$K9)) -> 0.11621469 | Q9: =IF(ISERROR((E9-F9)/H9),0,(E9-F9)/H9) -> 8.8774788 | R9: =IF(C9=0,0,((E9-F9+K9)/H9)) -> 11.349555 | S9: =IF(C9=0,0,(VLOOKUP($G9,'[1]APP 2885'!B10:G51,4)*$D9)/($E9-$F9+$K9)) -> 0.15155965
A10: =_xlfn.CONCAT(B10," ","T") -> Water Heater Insulation T | B10: Water Heater Insulation | C10: 13 | D10: 83.2 | E10: 8427.6 | F10: =ROUND(0.1*E10,2) -> 842.76 | G10: 13 | H10: =PV($C$23,G10,-D10) -> 778.72975 | I10: =ROUND(E10*0.3,2) -> 2528.28 | J10: =ROUND(E10*0.1,2) -> 842.76 | K10: =$C$24*(D10/$D$20) -> 1925.0796 | L10: =E10+I10+J10 -> 11798.64 | M10: =IF(ISERROR(L10/H10),0,L10/H10) -> 15.151136 | N10: =IFERROR((L10+K10)/H10,0) -> 17.623212 | O10: =IF(C10=0,0,(VLOOKUP($G10,'[1]APP 2885'!B10:G51,6)*$D10)/($L10+$K10)) -> 0.10736681 | Q10: =IF(ISERROR((E10-F10)/H10),0,(E10-F10)/H10) -> 9.7400158 | R10: =IF(C10=0,0,((E10-F10+K10)/H10)) -> 12.212092 | S10: =IF(C10=0,0,(VLOOKUP($G10,'[1]APP 2885'!B10:G51,4)*$D10)/($E10-$F10+$K10)) -> 0.14085503
A11: =_xlfn.CONCAT(B11," ","T") -> Furnace Tune Up T | B11: Furnace Tune Up | C11: 16 | D11: 336 | E11: 11019.11 | F11: =ROUND(0.1*E11,2) -> 1101.91 | G11: 18 | H11: =PV($C$23,G11,-D11) -> 3909.3544 | I11: =ROUND(E11*0.3,2) -> 3305.73 | J11: =ROUND(E11*0.1,2) -> 1101.91 | K11: =$C$24*(D11/$D$20) -> 7774.3599 | L11: =E11+I11+J11 -> 15426.75 | M11: =IF(ISERROR(L11/H11),0,L11/H11) -> 3.9461119 | N11: =IFERROR((L11+K11)/H11,0) -> 5.9347676 | O11: =IF(C11=0,0,(VLOOKUP($G11,'[1]APP 2885'!B10:G51,6)*$D11)/($L11+$K11)) -> 0.35958969 | Q11: =IF(ISERROR((E11-F11)/H11),0,(E11-F11)/H11) -> 2.5367871 | R11: =IF(C11=0,0,((E11-F11+K11)/H11)) -> 4.5254428 | S11: =IF(C11=0,0,(VLOOKUP($G11,'[1]APP 2885'!B10:G51,4)*$D11)/($E11-$F11+$K11)) -> 0.42884178
A12: =_xlfn.CONCAT(B12," ","T") -> Duct Sealing T | B12: Duct Sealing | C12: 29 | D12: 2233 | E12: 43792.91 | F12: =ROUND(0.1*E12,2) -> 4379.29 | G12: 18 | H12: =PV($C$23,G12,-D12) -> 25980.918 | I12: =ROUND(E12*0.3,2) -> 13137.87 | J12: =ROUND(E12*0.1,2) -> 4379.29 | K12: =$C$24*(D12/$D$20) -> 51667.1 | L12: =E12+I12+J12 -> 61310.07 | M12: =IF(ISERROR(L12/H12),0,L12/H12) -> 2.3598115 | N12: =IFERROR((L12+K12)/H12,0) -> 4.3484672 | O12: =IF(C12=0,0,(VLOOKUP($G12,'[1]APP 2885'!B10:G51,6)*$D12)/($L12+$K12)) -> 0.49076632 | Q12: =IF(ISERROR((E12-F12)/H12),0,(E12-F12)/H12) -> 1.5170218 | R12: =IF(C12=0,0,((E12-F12+K12)/H12)) -> 3.5056775 | S12: =IF(C12=0,0,(VLOOKUP($G12,'[1]APP 2885'!B10:G51,4)*$D12)/($E12-$F12+$K12)) -> 0.55358741
A13: =_xlfn.CONCAT(B13," ","T") -> Infiltration T | B13: Infiltration | C13: 67 | D13: 871 | E13: 329938.69 | F13: =ROUND(0.1*E13,2) -> 32993.87 | G13: 10 | H13: =PV($C$23,G13,-D13) -> 6706.0773 | I13: =ROUND(E13*0.3,2) -> 98981.61 | J13: =ROUND(E13*0.1,2) -> 32993.87 | K13: =$C$24*(D13/$D$20) -> 20153.177 | L13: =E13+I13+J13 -> 461914.17 | M13: =IF(ISERROR(L13/H13),0,L13/H13) -> 68.879936 | N13: =IFERROR((L13+K13)/H13,0) -> 71.885147 | O13: =IF(C13=0,0,(VLOOKUP($G13,'[1]APP 2885'!B10:G51,6)*$D13)/($L13+$K13)) -> 0.024969997 | Q13: =IF(ISERROR((E13-F13)/H13),0,(E13-F13)/H13) -> 44.279958 | R13: =IF(C13=0,0,((E13-F13+K13)/H13)) -> 47.285169 | S13: =IF(C13=0,0,(VLOOKUP($G13,'[1]APP 2885'!B10:G51,4)*$D13)/($E13-$F13+$K13)) -> 0.034499619
A14: =_xlfn.CONCAT(B14," ","T") -> 95%+ Furnace T | B14: 95%+ Furnace | C14: 19 | D14: 2109 | E14: 196095.26 | F14: =ROUND(0.1*E14,2) -> 19609.53 | G14: 45 | H14: =PV($C$23,G14,-D14) -> 37158.751 | I14: =ROUND(E14*0.3,2) -> 58828.58 | J14: =ROUND(E14*0.1,2) -> 19609.53 | K14: =$C$24*(D14/$D$20) -> 48797.991 | L14: =E14+I14+J14 -> 274533.37 | M14: =IF(ISERROR(L14/H14),0,L14/H14) -> 7.3881215 | N14: =IFERROR((L14+K14)/H14,0) -> 8.7013517 | O14: =IF(C14=0,0,(VLOOKUP($G14,'[1]APP 2885'!B10:G51,6)*$D14)/($L14+$K14)) -> 0.56584598 | Q14: =IF(ISERROR((E14-F14)/H14),0,(E14-F14)/H14) -> 4.7495065 | R14: =IF(C14=0,0,((E14-F14+K14)/H14)) -> 6.0627366 | S14: =IF(C14=0,0,(VLOOKUP($G14,'[1]APP 2885'!B10:G51,4)*$D14)/($E14-$F14+$K14)) -> 0.73834376
A15: =_xlfn.CONCAT(B15," ","T") -> 90%+ Direct Vent Space Heater T | B15: 90%+ Direct Vent Space Heater | C15: =INDEX('[1]2025 WIP report WIP'!$H$4:$AX$99,MATCH(C$29,'[1]2025 WIP report WIP'!$H$4:$H$99,0),MATCH('2025 Totals'!$B15,'[1]2025 WIP report WIP'!$H$4:$AX$4,0)) -> 0 | D15: =INDEX('[1]2025 WIP report WIP'!$H$4:$AX$99,MATCH(D$29,'[1]2025 WIP report WIP'!$H$4:$H$99,0),MATCH('2025 Totals'!$A15,'[1]2025 WIP report WIP'!$H$4:$AX$4,0)) -> 0 | E15: =INDEX('[1]2025 WIP report WIP'!$H$4:$AX$99,MATCH(E$29,'[1]2025 WIP report WIP'!$H$4:$H$99,0),MATCH('2025 Totals'!$B15,'[1]2025 WIP report WIP'!$H$4:$AX$4,0)) -> 0 | F15: =ROUND(0.1*E15,2) -> 0 | G15: 18 | H15: =PV($C$23,G15,-D15) -> 0 | I15: =ROUND(E15*0.3,2) -> 0 | J15: =ROUND(E15*0.1,2) -> 0 | K15: =$C$24*(D15/$D$20) -> 0 | L15: =E15+I15+J15 -> 0 | M15: =IF(ISERROR(L15/H15),0,L15/H15) -> 0 | N15: =IFERROR((L15+K15)/H15,0) -> 0 | O15: =IF(C15=0,0,(VLOOKUP($G15,'[1]APP 2885'!B10:G51,6)*$D15)/($L15+$K15)) -> 0 | Q15: =IF(ISERROR((E15-F15)/H15),0,(E15-F15)/H15) -> 0 | R15: =IF(C15=0,0,((E15-F15+K15)/H15)) -> 0 | S15: =IF(C15=0,0,(VLOOKUP($G15,'[1]APP 2885'!B10:G51,4)*$D15)/($E15-$F15+$K15)) -> 0
A16: =_xlfn.CONCAT(B16," ","T") -> Low Flow Faucet Aerator T | B16: Low Flow Faucet Aerator | C16: =INDEX('[1]2025 WIP report WIP'!$H$4:$AX$99,MATCH(C$29,'[1]2025 WIP report WIP'!$H$4:$H$99,0),MATCH('2025 Totals'!$B16,'[1]2025 WIP report WIP'!$H$4:$AX$4,0)) -> 2 | D16: =INDEX('[1]2025 WIP report WIP'!$H$4:$AX$99,MATCH(D$29,'[1]2025 WIP report WIP'!$H$4:$H$99,0),MATCH('2025 Totals'!$A16,'[1]2025 WIP report WIP'!$H$4:$AX$4,0)) -> 15 | E16: =INDEX('[1]2025 WIP report WIP'!$H$4:$AX$99,MATCH(E$29,'[1]2025 WIP report WIP'!$H$4:$H$99,0),MATCH('2025 Totals'!$B16,'[1]2025 WIP report WIP'!$H$4:$AX$4,0)) -> 24.58 | F16: =ROUND(0.1*E16,2) -> 2.46 | G16: 20 | H16: =PV($C$23,G16,-D16) -> 185.9858 | I16: =ROUND(E16*0.3,2) -> 7.37 | J16: =ROUND(E16*0.1,2) -> 2.46 | K16: =$C$24*(D16/$D$20) -> 347.06964 | L16: =E16+I16+J16 -> 34.41 | M16: =IF(ISERROR(L16/H16),0,L16/H16) -> 0.18501413 | N16: =IFERROR((L16+K16)/H16,0) -> 2.0511224 | O16: =IF(C16=0,0,(VLOOKUP($G16,'[1]APP 2885'!B10:G51,6)*$D16)/($L16+$K16)) -> 1.5449055 | Q16: =IF(ISERROR((E16-F16)/H16),0,(E16-F16)/H16) -> 0.11893381 | R16: =IF(C16=0,0,((E16-F16+K16)/H16)) -> 1.9850421 | S16: =IF(C16=0,0,(VLOOKUP($G16,'[1]APP 2885'!B10:G51,4)*$D16)/($E16-$F16+$K16)) -> 1.4512867
A17: =_xlfn.CONCAT(B17," ","T") -> Low Flow Showerhead T | B17: Low Flow Showerhead | C17: =INDEX('[1]2025 WIP report WIP'!$H$4:$AX$99,MATCH(C$29,'[1]2025 WIP report WIP'!$H$4:$H$99,0),MATCH('2025 Totals'!$B17,'[1]2025 WIP report WIP'!$H$4:$AX$4,0)) -> 1 | D17: =INDEX('[1]2025 WIP report WIP'!$H$4:$AX$99,MATCH(D$29,'[1]2025 WIP report WIP'!$H$4:$H$99,0),MATCH('2025 Totals'!$A17,'[1]2025 WIP report WIP'!$H$4:$AX$4,0)) -> 5 | E17: =INDEX('[1]2025 WIP report WIP'!$H$4:$AX$99,MATCH(E$29,'[1]2025 WIP report WIP'!$H$4:$H$99,0),MATCH('2025 Totals'!$B17,'[1]2025 WIP report WIP'!$H$4:$AX$4,0)) -> 37.6 | F17: =ROUND(0.1*E17,2) -> 3.76 | G17: 10 | H17: =PV($C$23,G17,-D17) -> 38.496425 | I17: =ROUND(E17*0.3,2) -> 11.28 | J17: =ROUND(E17*0.1,2) -> 3.76 | K17: =$C$24*(D17/$D$20) -> 115.68988 | L17: =E17+I17+J17 -> 52.64 | M17: =IF(ISERROR(L17/H17),0,L17/H17) -> 1.3673997 | N17: =IFERROR((L17+K17)/H17,0) -> 4.3726107 | O17: =IF(C17=0,0,(VLOOKUP($G17,'[1]APP 2885'!B10:G51,6)*$D17)/($L17+$K17)) -> 0.41050347 | Q17: =IF(ISERROR((E17-F17)/H17),0,(E17-F17)/H17) -> 0.87904266 | R17: =IF(C17=0,0,((E17-F17+K17)/H17)) -> 3.8842537 | S17: =IF(C17=0,0,(VLOOKUP($G17,'[1]APP 2885'!B10:G51,4)*$D17)/($E17-$F17+$K17)) -> 0.41998295
A18: =_xlfn.CONCAT(B18," ","T") -> 0.91+ Tankless Water Heater T | B18: 0.91+ Tankless Water Heater | C18: =INDEX('[1]2025 WIP report WIP'!$H$4:$AX$99,MATCH(C$29,'[1]2025 WIP report WIP'!$H$4:$H$99,0),MATCH('2025 Totals'!$B18,'[1]2025 WIP report WIP'!$H$4:$AX$4,0)) -> 4 | D18: =INDEX('[1]2025 WIP report WIP'!$H$4:$AX$99,MATCH(D$29,'[1]2025 WIP report WIP'!$H$4:$H$99,0),MATCH('2025 Totals'!$A18,'[1]2025 WIP report WIP'!$H$4:$AX$4,0)) -> 216 | E18: =INDEX('[1]2025 WIP report WIP'!$H$4:$AX$99,MATCH(E$29,'[1]2025 WIP report WIP'!$H$4:$H$99,0),MATCH('2025 Totals'!$B18,'[1]2025 WIP report WIP'!$H$4:$AX$4,0)) -> 29595.74 | F18: =ROUND(0.1*E18,2) -> 2959.57 | G18: 10 | H18: =PV($C$23,G18,-D18) -> 1663.0456 | I18: =ROUND(E18*0.3,2) -> 8878.72 | J18: =ROUND(E18*0.1,2) -> 2959.57 | K18: =$C$24*(D18/$D$20) -> 4997.8028 | L18: =E18+I18+J18 -> 41434.03 | M18: =IF(ISERROR(L18/H18),0,L18/H18) -> 24.914549 | N18: =IFERROR((L18+K18)/H18,0) -> 27.91976 | O18: =IF(C18=0,0,(VLOOKUP($G18,'[1]APP 2885'!B10:G51,6)*$D18)/($L18+$K18)) -> 0.064290376 | Q18: =IF(ISERROR((E18-F18)/H18),0,(E18-F18)/H18) -> 16.0165 | R18: =IF(C18=0,0,((E18-F18+K18)/H18)) -> 19.021711 | S18: =IF(C18=0,0,(VLOOKUP($G18,'[1]APP 2885'!B10:G51,4)*$D18)/($E18-$F18+$K18)) -> 0.085760964
A19: =_xlfn.CONCAT(B19," ","T") -> 0.64+ Storage Water Heater T | B19: 0.64+ Storage Water Heater | C19: 8 | D19: =INDEX('[1]2025 WIP report WIP'!$H$4:$AX$99,MATCH(D$29,'[1]2025 WIP report WIP'!$H$4:$H$99,0),MATCH('2025 Totals'!$A19,'[1]2025 WIP report WIP'!$H$4:$AX$4,0)) -> 264 | E19: 51717.99 | F19: =ROUND(0.1*E19,2) -> 5171.8 | G19: 16 | H19: =PV($C$23,G19,-D19) -> 2848.9912 | I19: =ROUND(E19*0.3,2) -> 15515.4 | J19: =ROUND(E19*0.1,2) -> 5171.8 | K19: =$C$24*(D19/$D$20) -> 6108.4257 | L19: =E19+I19+J19 -> 72405.19 | M19: =IF(ISERROR(L19/H19),0,L19/H19) -> 25.414325 | N19: =IFERROR((L19+K19)/H19,0) -> 27.558392 | O19: =IF(C19=0,0,(VLOOKUP($G19,'[1]APP 2885'!B10:G51,6)*$D19)/($L19+$K19)) -> 0.074176179 | Q19: =IF(ISERROR((E19-F19)/H19),0,(E19-F19)/H19) -> 16.337779 | R19: =IF(C19=0,0,((E19-F19+K19)/H19)) -> 18.481845 | S19: =IF(C19=0,0,(VLOOKUP($G19,'[1]APP 2885'!B10:G51,4)*$D19)/($E19-$F19+$K19)) -> 0.10057694
B20: TOTAL PROGRAM | C20: =SUM(C6:C19) -> 318 | D20: =SUM(D6:D19) -> 16293.56 | E20: =SUM(E6:E19) -> 1426857.9 | F20: =SUM(F6:F19) -> 142685.79 | G20: =SUMPRODUCT(D6:D19,G6:G19)/SUM(D6:D19) -> 35.808447 | H20: =SUM(H6:H19) -> 250177.78 | I20: =SUM(I6:I19) -> 428057.35 | J20: =SUM(J6:J19) -> 142685.79 | K20: =C24 -> 377000 | L20: =SUM(L6:L19)+1400 -> 1999001 | M20: =L20/H20 -> 7.9903218 | N20: =(L20+K20)/H20 -> 9.4972502 | O20: =IF(C20=0,0,(VLOOKUP($G20,'[1]APP 2885'!B10:G51,6)*$D20)/($L20+$K20)) -> 0.4649423 | Q20: =E20/H20 -> 5.7033756 | R20: =(E20+K20)/H20 -> 7.210304 | S20: =IF(C20=0,0,(VLOOKUP($G20,'[1]APP 2885'!B10:G51,4)*$D20)/($E20-$F20+$K20)) -> 0.60459423
B21: IRP discount rate | C21: 0.0506
B22: Inflation rate | C22: 0.02
B23: EE discount rate | C23: 0.0506
B24: Program Admin costs | C24: 377000
B25: 30% Project Coordination Fee | C25: =I20 -> 428057.35
B26: 10% Indirect Rate | C26: =J20 -> 142685.79
C29: MEASURE COUNT | D29: Therms | E29: MEASURE INSTALLED COST

Sheet 2025.Org
B1: CASCADE NATURAL GAS CORPORATION
B2: 2025 LOW INCOME Program Participant Cost Effectiveness Estimates
B3: TOTAL by MEASURE
B5: MEASURE | C5: MEASURES | D5: TOTAL ANNUAL THERM SAVINGS | E5: MEASURE INSTALLED COST | F5: NON-ENERGY BENEFITS (10% of cost) | G5: MEASURE LIFE | H5: DISCOUNTED THERM SAVINGS | I5: PROJECT COORDINATION FEE (30% of cost) | J5: INDIRECT RATE (10% of cost) | K5: CASCADE ADMIN | L5: PROGRAM REBATE W/COORDINATION FEE & INDIRECT RATE | M5: UTILITY COST | N5: UC W/DELIVERY & ADMIN | O5: BENEFIT COST RATIO | Q5: TOTAL RESOURCE COST | R5: TRC W/DELIVERY & ADMIN | S5: BENEFIT COST RATIO
A6: =_xlfn.CONCAT(B6," ","T") -> Attic/Ceiling Insulation T | B6: Attic/Ceiling Insulation | C6: =INDEX('[1]2025 WIP report WIP'!$H$4:$AX$99,MATCH(C$29,'[1]2025 WIP report WIP'!$H$4:$H$99,0),MATCH('2025.Org'!$B6,'[1]2025 WIP report WIP'!$H$4:$AX$4,0)) -> 62 | D6: =INDEX('[1]2025 WIP report WIP'!$H$4:$AX$99,MATCH(D$29,'[1]2025 WIP report WIP'!$H$4:$H$99,0),MATCH('2025.Org'!$A6,'[1]2025 WIP report WIP'!$H$4:$AX$4,0)) -> 5497.944 | E6: =INDEX('[1]2025 WIP report WIP'!$H$4:$AX$99,MATCH(E$29,'[1]2025 WIP report WIP'!$H$4:$H$99,0),MATCH('2025.Org'!$B6,'[1]2025 WIP report WIP'!$H$4:$AX$4,0)) -> 243153.76 | F6: =ROUND(0.1*E6,2) -> 24315.38 | G6: 45 | H6: =PV($C$23,G6,-D6) -> 96869.006 | I6: =ROUND(E6*0.3,2) -> 72946.13 | J6: =ROUND(E6*0.1,2) -> 24315.38 | K6: =$C$24*(D6/$D$20) -> 113842.07 | L6: =E6+I6+J6 -> 340415.27 | M6: =IF(ISERROR(L6/H6),0,L6/H6) -> 3.5141815 | N6: =IFERROR((L6+K6)/H6,0) -> 4.6893982 | O6: =IF(C6=0,0,(VLOOKUP($G6,'[1]APP 2885'!B10:G51,6)*$D6)/($L6+$K6)) -> 1.0499481 | Q6: =IF(ISERROR((E6-F6)/H6),0,(E6-F6)/H6) -> 2.2591166 | R6: =IF(C6=0,0,((E6-F6+K6)/H6)) -> 3.4343333 | S6: =IF(C6=0,0,(VLOOKUP($G6,'[1]APP 2885'!B10:G51,4)*$D6)/($E6-$F6+$K6)) -> 1.3034215
A7: =_xlfn.CONCAT(B7," ","T") -> Wall Insulation T | B7: Wall Insulation | C7: =INDEX('[1]2025 WIP report WIP'!$H$4:$AX$99,MATCH(C$29,'[1]2025 WIP report WIP'!$H$4:$H$99,0),MATCH('2025.Org'!$B7,'[1]2025 WIP report WIP'!$H$4:$AX$4,0)) -> 32 | D7: =INDEX('[1]2025 WIP report WIP'!$H$4:$AX$99,MATCH(D$29,'[1]2025 WIP report WIP'!$H$4:$H$99,0),MATCH('2025.Org'!$A7,'[1]2025 WIP report WIP'!$H$4:$AX$4,0)) -> 1912.866 | E7: =INDEX('[1]2025 WIP report WIP'!$H$4:$AX$99,MATCH(E$29,'[1]2025 WIP report WIP'!$H$4:$H$99,0),MATCH('2025.Org'!$B7,'[1]2025 WIP report WIP'!$H$4:$AX$4,0)) -> 139298.1 | F7: =ROUND(0.1*E7,2) -> 13929.81 | G7: 45 | H7: =PV($C$23,G7,-D7) -> 33703.04 | I7: =ROUND(E7*0.3,2) -> 41789.43 | J7: =ROUND(E7*0.1,2) -> 13929.81 | K7: =$C$24*(D7/$D$20) -> 39608.375 | L7: =E7+I7+J7 -> 195017.34 | M7: =IF(ISERROR(L7/H7),0,L7/H7) -> 5.7863427 | N7: =IFERROR((L7+K7)/H7,0) -> 6.9615594 | O7: =IF(C7=0,0,(VLOOKUP($G7,'[1]APP 2885'!B10:G51,6)*$D7)/($L7+$K7)) -> 0.7072589 | Q7: =IF(ISERROR((E7-F7)/H7),0,(E7-F7)/H7) -> 3.7197917 | R7: =IF(C7=0,0,((E7-F7+K7)/H7)) -> 4.8950084 | S7: =IF(C7=0,0,(VLOOKUP($G7,'[1]APP 2885'!B10:G51,4)*$D7)/($E7-$F7+$K7)) -> 0.91447928
A8: =_xlfn.CONCAT(B8," ","T") -> Floor Insulation T | B8: Floor Insulation | C8: =INDEX('[1]2025 WIP report WIP'!$H$4:$AX$99,MATCH(C$29,'[1]2025 WIP report WIP'!$H$4:$H$99,0),MATCH('2025.Org'!$B8,'[1]2025 WIP report WIP'!$H$4:$AX$4,0)) -> 54 | D8: =INDEX('[1]2025 WIP report WIP'!$H$4:$AX$99,MATCH(D$29,'[1]2025 WIP report WIP'!$H$4:$H$99,0),MATCH('2025.Org'!$A8,'[1]2025 WIP report WIP'!$H$4:$AX$4,0)) -> 3109.656 | E8: =INDEX('[1]2025 WIP report WIP'!$H$4:$AX$99,MATCH(E$29,'[1]2025 WIP report WIP'!$H$4:$H$99,0),MATCH('2025.Org'!$B8,'[1]2025 WIP report WIP'!$H$4:$AX$4,0)) -> 365706.35 | F8: =ROUND(0.1*E8,2) -> 36570.64 | G8: 45 | H8: =PV($C$23,G8,-D8) -> 54789.442 | I8: =ROUND(E8*0.3,2) -> 109711.91 | J8: =ROUND(E8*0.1,2) -> 36570.64 | K8: =$C$24*(D8/$D$20) -> 64389.467 | L8: =E8+I8+J8 -> 511988.9 | M8: =IF(ISERROR(L8/H8),0,L8/H8) -> 9.3446635 | N8: =IFERROR((L8+K8)/H8,0) -> 10.51988 | O8: =IF(C8=0,0,(VLOOKUP($G8,'[1]APP 2885'!B10:G51,6)*$D8)/($L8+$K8)) -> 0.4680305 | Q8: =IF(ISERROR((E8-F8)/H8),0,(E8-F8)/H8) -> 6.0072835 | R8: =IF(C8=0,0,((E8-F8+K8)/H8)) -> 7.1825002 | S8: =IF(C8=0,0,(VLOOKUP($G8,'[1]APP 2885'!B10:G51,4)*$D8)/($E8-$F8+$K8)) -> 0.62323476
A9: =_xlfn.CONCAT(B9," ","T") -> Duct Insulation T | B9: Duct Insulation | C9: =INDEX('[1]2025 WIP report WIP'!$H$4:$AX$99,MATCH(C$29,'[1]2025 WIP report WIP'!$H$4:$H$99,0),MATCH('2025.Org'!$B9,'[1]2025 WIP report WIP'!$H$4:$AX$4,0)) -> 31 | D9: =INDEX('[1]2025 WIP report WIP'!$H$4:$AX$99,MATCH(D$29,'[1]2025 WIP report WIP'!$H$4:$H$99,0),MATCH('2025.Org'!$A9,'[1]2025 WIP report WIP'!$H$4:$AX$4,0)) -> 1029.754 | E9: =INDEX('[1]2025 WIP report WIP'!$H$4:$AX$99,MATCH(E$29,'[1]2025 WIP report WIP'!$H$4:$H$99,0),MATCH('2025.Org'!$B9,'[1]2025 WIP report WIP'!$H$4:$AX$4,0)) -> 99584.9 | F9: =ROUND(0.1*E9,2) -> 9958.49 | G9: 13 | H9: =PV($C$23,G9,-D9) -> 9638.222 | I9: =ROUND(E9*0.3,2) -> 29875.47 | J9: =ROUND(E9*0.1,2) -> 9958.49 | K9: =$C$24*(D9/$D$20) -> 21322.394 | L9: =E9+I9+J9 -> 139418.86 | M9: =IF(ISERROR(L9/H9),0,L9/H9) -> 14.465205 | N9: =IFERROR((L9+K9)/H9,0) -> 16.67748 | O9: =IF(C9=0,0,(VLOOKUP($G9,'[1]APP 2885'!B10:G51,6)*$D9)/($L9+$K9)) -> 0.11345528 | Q9: =IF(ISERROR((E9-F9)/H9),0,(E9-F9)/H9) -> 9.2990605 | R9: =IF(C9=0,0,((E9-F9+K9)/H9)) -> 11.511335 | S9: =IF(C9=0,0,(VLOOKUP($G9,'[1]APP 2885'!B10:G51,4)*$D9)/($E9-$F9+$K9)) -> 0.14942964
A10: =_xlfn.CONCAT(B10," ","T") -> Water Heater Insulation T | B10: Water Heater Insulation | C10: =INDEX('[1]2025 WIP report WIP'!$H$4:$AX$99,MATCH(C$29,'[1]2025 WIP report WIP'!$H$4:$H$99,0),MATCH('2025.Org'!$B10,'[1]2025 WIP report WIP'!$H$4:$AX$4,0)) -> 12 | D10: =INDEX('[1]2025 WIP report WIP'!$H$4:$AX$99,MATCH(D$29,'[1]2025 WIP report WIP'!$H$4:$H$99,0),MATCH('2025.Org'!$A10,'[1]2025 WIP report WIP'!$H$4:$AX$4,0)) -> 76.8 | E10: =INDEX('[1]2025 WIP report WIP'!$H$4:$AX$99,MATCH(E$29,'[1]2025 WIP report WIP'!$H$4:$H$99,0),MATCH('2025.Org'!$B10,'[1]2025 WIP report WIP'!$H$4:$AX$4,0)) -> 8369.96 | F10: =ROUND(0.1*E10,2) -> 837 | G10: 13 | H10: =PV($C$23,G10,-D10) -> 718.82746 | I10: =ROUND(E10*0.3,2) -> 2510.99 | J10: =ROUND(E10*0.1,2) -> 837 | K10: =$C$24*(D10/$D$20) -> 1590.2438 | L10: =E10+I10+J10 -> 11717.95 | M10: =IF(ISERROR(L10/H10),0,L10/H10) -> 16.301478 | N10: =IFERROR((L10+K10)/H10,0) -> 18.513753 | O10: =IF(C10=0,0,(VLOOKUP($G10,'[1]APP 2885'!B10:G51,6)*$D10)/($L10+$K10)) -> 0.1022023 | Q10: =IF(ISERROR((E10-F10)/H10),0,(E10-F10)/H10) -> 10.479511 | R10: =IF(C10=0,0,((E10-F10+K10)/H10)) -> 12.691785 | S10: =IF(C10=0,0,(VLOOKUP($G10,'[1]APP 2885'!B10:G51,4)*$D10)/($E10-$F10+$K10)) -> 0.13553134
A11: =_xlfn.CONCAT(B11," ","T") -> Furnace Tune Up T | B11: Furnace Tune Up | C11: =INDEX('[1]2025 WIP report WIP'!$H$4:$AX$99,MATCH(C$29,'[1]2025 WIP report WIP'!$H$4:$H$99,0),MATCH('2025.Org'!$B11,'[1]2025 WIP report WIP'!$H$4:$AX$4,0)) -> 16 | D11: =INDEX('[1]2025 WIP report WIP'!$H$4:$AX$99,MATCH(D$29,'[1]2025 WIP report WIP'!$H$4:$H$99,0),MATCH('2025.Org'!$A11,'[1]2025 WIP report WIP'!$H$4:$AX$4,0)) -> 336 | E11: =INDEX('[1]2025 WIP report WIP'!$H$4:$AX$99,MATCH(E$29,'[1]2025 WIP report WIP'!$H$4:$H$99,0),MATCH('2025.Org'!$B11,'[1]2025 WIP report WIP'!$H$4:$AX$4,0)) -> 11019.11 | F11: =ROUND(0.1*E11,2) -> 1101.91 | G11: 18 | H11: =PV($C$23,G11,-D11) -> 3909.3544 | I11: =ROUND(E11*0.3,2) -> 3305.73 | J11: =ROUND(E11*0.1,2) -> 1101.91 | K11: =$C$24*(D11/$D$20) -> 6957.3165 | L11: =E11+I11+J11 -> 15426.75 | M11: =IF(ISERROR(L11/H11),0,L11/H11) -> 3.9461119 | N11: =IFERROR((L11+K11)/H11,0) -> 5.7257706 | O11: =IF(C11=0,0,(VLOOKUP($G11,'[1]APP 2885'!B10:G51,6)*$D11)/($L11+$K11)) -> 0.37271512 | Q11: =IF(ISERROR((E11-F11)/H11),0,(E11-F11)/H11) -> 2.5367871 | R11: =IF(C11=0,0,((E11-F11+K11)/H11)) -> 4.3164458 | S11: =IF(C11=0,0,(VLOOKUP($G11,'[1]APP 2885'!B10:G51,4)*$D11)/($E11-$F11+$K11)) -> 0.44960577
A12: =_xlfn.CONCAT(B12," ","T") -> Duct Sealing T | B12: Duct Sealing | C12: =INDEX('[1]2025 WIP report WIP'!$H$4:$AX$99,MATCH(C$29,'[1]2025 WIP report WIP'!$H$4:$H$99,0),MATCH('2025.Org'!$B12,'[1]2025 WIP report WIP'!$H$4:$AX$4,0)) -> 32 | D12: =INDEX('[1]2025 WIP report WIP'!$H$4:$AX$99,MATCH(D$29,'[1]2025 WIP report WIP'!$H$4:$H$99,0),MATCH('2025.Org'!$A12,'[1]2025 WIP report WIP'!$H$4:$AX$4,0)) -> 2464 | E12: =INDEX('[1]2025 WIP report WIP'!$H$4:$AX$99,MATCH(E$29,'[1]2025 WIP report WIP'!$H$4:$H$99,0),MATCH('2025.Org'!$B12,'[1]2025 WIP report WIP'!$H$4:$AX$4,0)) -> 45780.58 | F12: =ROUND(0.1*E12,2) -> 4578.06 | G12: 18 | H12: =PV($C$23,G12,-D12) -> 28668.599 | I12: =ROUND(E12*0.3,2) -> 13734.17 | J12: =ROUND(E12*0.1,2) -> 4578.06 | K12: =$C$24*(D12/$D$20) -> 51020.321 | L12: =E12+I12+J12 -> 64092.81 | M12: =IF(ISERROR(L12/H12),0,L12/H12) -> 2.235645 | N12: =IFERROR((L12+K12)/H12,0) -> 4.0153037 | O12: =IF(C12=0,0,(VLOOKUP($G12,'[1]APP 2885'!B10:G51,6)*$D12)/($L12+$K12)) -> 0.53148689 | Q12: =IF(ISERROR((E12-F12)/H12),0,(E12-F12)/H12) -> 1.4372003 | R12: =IF(C12=0,0,((E12-F12+K12)/H12)) -> 3.216859 | S12: =IF(C12=0,0,(VLOOKUP($G12,'[1]APP 2885'!B10:G51,4)*$D12)/($E12-$F12+$K12)) -> 0.60329003
A13: =_xlfn.CONCAT(B13," ","T") -> Infiltration T | B13: Infiltration | C13: =INDEX('[1]2025 WIP report WIP'!$H$4:$AX$99,MATCH(C$29,'[1]2025 WIP report WIP'!$H$4:$H$99,0),MATCH('2025.Org'!$B13,'[1]2025 WIP report WIP'!$H$4:$AX$4,0)) -> 73 | D13: =INDEX('[1]2025 WIP report WIP'!$H$4:$AX$99,MATCH(D$29,'[1]2025 WIP report WIP'!$H$4:$H$99,0),MATCH('2025.Org'!$A13,'[1]2025 WIP report WIP'!$H$4:$AX$4,0)) -> 949 | E13: =INDEX('[1]2025 WIP report WIP'!$H$4:$AX$99,MATCH(E$29,'[1]2025 WIP report WIP'!$H$4:$H$99,0),MATCH('2025.Org'!$B13,'[1]2025 WIP report WIP'!$H$4:$AX$4,0)) -> 370353.67 | F13: =ROUND(0.1*E13,2) -> 37035.37 | G13: 10 | H13: =PV($C$23,G13,-D13) -> 7306.6215 | I13: =ROUND(E13*0.3,2) -> 111106.1 | J13: =ROUND(E13*0.1,2) -> 37035.37 | K13: =$C$24*(D13/$D$20) -> 19650.278 | L13: =E13+I13+J13 -> 518495.14 | M13: =IF(ISERROR(L13/H13),0,L13/H13) -> 70.962365 | N13: =IFERROR((L13+K13)/H13,0) -> 73.651744 | O13: =IF(C13=0,0,(VLOOKUP($G13,'[1]APP 2885'!B10:G51,6)*$D13)/($L13+$K13)) -> 0.024371071 | Q13: =IF(ISERROR((E13-F13)/H13),0,(E13-F13)/H13) -> 45.618663 | R13: =IF(C13=0,0,((E13-F13+K13)/H13)) -> 48.308042 | S13: =IF(C13=0,0,(VLOOKUP($G13,'[1]APP 2885'!B10:G51,4)*$D13)/($E13-$F13+$K13)) -> 0.033769125
A14: =_xlfn.CONCAT(B14," ","T") -> 95%+ Furnace T | B14: 95%+ Furnace | C14: =INDEX('[1]2025 WIP report WIP'!$H$4:$AX$99,MATCH(C$29,'[1]2025 WIP report WIP'!$H$4:$H$99,0),MATCH('2025.Org'!$B14,'[1]2025 WIP report WIP'!$H$4:$AX$4,0)) -> 21 | D14: =INDEX('[1]2025 WIP report WIP'!$H$4:$AX$99,MATCH(D$29,'[1]2025 WIP report WIP'!$H$4:$H$99,0),MATCH('2025.Org'!$A14,'[1]2025 WIP report WIP'!$H$4:$AX$4,0)) -> 2331 | E14: =INDEX('[1]2025 WIP report WIP'!$H$4:$AX$99,MATCH(E$29,'[1]2025 WIP report WIP'!$H$4:$H$99,0),MATCH('2025.Org'!$B14,'[1]2025 WIP report WIP'!$H$4:$AX$4,0)) -> 215693.45 | F14: =ROUND(0.1*E14,2) -> 21569.35 | G14: 45 | H14: =PV($C$23,G14,-D14) -> 41070.199 | I14: =ROUND(E14*0.3,2) -> 64708.04 | J14: =ROUND(E14*0.1,2) -> 21569.35 | K14: =$C$24*(D14/$D$20) -> 48266.383 | L14: =E14+I14+J14 -> 301970.84 | M14: =IF(ISERROR(L14/H14),0,L14/H14) -> 7.3525537 | N14: =IFERROR((L14+K14)/H14,0) -> 8.5277704 | O14: =IF(C14=0,0,(VLOOKUP($G14,'[1]APP 2885'!B10:G51,6)*$D14)/($L14+$K14)) -> 0.57736367 | Q14: =IF(ISERROR((E14-F14)/H14),0,(E14-F14)/H14) -> 4.7266414 | R14: =IF(C14=0,0,((E14-F14+K14)/H14)) -> 5.9018581 | S14: =IF(C14=0,0,(VLOOKUP($G14,'[1]APP 2885'!B10:G51,4)*$D14)/($E14-$F14+$K14)) -> 0.75847025
A15: =_xlfn.CONCAT(B15," ","T") -> 90%+ Direct Vent Space Heater T | B15: 90%+ Direct Vent Space Heater | C15: =INDEX('[1]2025 WIP report WIP'!$H$4:$AX$99,MATCH(C$29,'[1]2025 WIP report WIP'!$H$4:$H$99,0),MATCH('2025.Org'!$B15,'[1]2025 WIP report WIP'!$H$4:$AX$4,0)) -> 0 | D15: =INDEX('[1]2025 WIP report WIP'!$H$4:$AX$99,MATCH(D$29,'[1]2025 WIP report WIP'!$H$4:$H$99,0),MATCH('2025.Org'!$A15,'[1]2025 WIP report WIP'!$H$4:$AX$4,0)) -> 0 | E15: =INDEX('[1]2025 WIP report WIP'!$H$4:$AX$99,MATCH(E$29,'[1]2025 WIP report WIP'!$H$4:$H$99,0),MATCH('2025.Org'!$B15,'[1]2025 WIP report WIP'!$H$4:$AX$4,0)) -> 0 | F15: =ROUND(0.1*E15,2) -> 0 | G15: 18 | H15: =PV($C$23,G15,-D15) -> 0 | I15: =ROUND(E15*0.3,2) -> 0 | J15: =ROUND(E15*0.1,2) -> 0 | K15: =$C$24*(D15/$D$20) -> 0 | L15: =E15+I15+J15 -> 0 | M15: =IF(ISERROR(L15/H15),0,L15/H15) -> 0 | N15: =IFERROR((L15+K15)/H15,0) -> 0 | O15: =IF(C15=0,0,(VLOOKUP($G15,'[1]APP 2885'!B10:G51,6)*$D15)/($L15+$K15)) -> 0 | Q15: =IF(ISERROR((E15-F15)/H15),0,(E15-F15)/H15) -> 0 | R15: =IF(C15=0,0,((E15-F15+K15)/H15)) -> 0 | S15: =IF(C15=0,0,(VLOOKUP($G15,'[1]APP 2885'!B10:G51,4)*$D15)/($E15-$F15+$K15)) -> 0
A16: =_xlfn.CONCAT(B16," ","T") -> Low Flow Faucet Aerator T | B16: Low Flow Faucet Aerator | C16: =INDEX('[1]2025 WIP report WIP'!$H$4:$AX$99,MATCH(C$29,'[1]2025 WIP report WIP'!$H$4:$H$99,0),MATCH('2025.Org'!$B16,'[1]2025 WIP report WIP'!$H$4:$AX$4,0)) -> 2 | D16: =INDEX('[1]2025 WIP report WIP'!$H$4:$AX$99,MATCH(D$29,'[1]2025 WIP report WIP'!$H$4:$H$99,0),MATCH('2025.Org'!$A16,'[1]2025 WIP report WIP'!$H$4:$AX$4,0)) -> 15 | E16: =INDEX('[1]2025 WIP report WIP'!$H$4:$AX$99,MATCH(E$29,'[1]2025 WIP report WIP'!$H$4:$H$99,0),MATCH('2025.Org'!$B16,'[1]2025 WIP report WIP'!$H$4:$AX$4,0)) -> 24.58 | F16: =ROUND(0.1*E16,2) -> 2.46 | G16: 20 | H16: =PV($C$23,G16,-D16) -> 185.9858 | I16: =ROUND(E16*0.3,2) -> 7.37 | J16: =ROUND(E16*0.1,2) -> 2.46 | K16: =$C$24*(D16/$D$20) -> 310.59448 | L16: =E16+I16+J16 -> 34.41 | M16: =IF(ISERROR(L16/H16),0,L16/H16) -> 0.18501413 | N16: =IFERROR((L16+K16)/H16,0) -> 1.8550045 | O16: =IF(C16=0,0,(VLOOKUP($G16,'[1]APP 2885'!B10:G51,6)*$D16)/($L16+$K16)) -> 1.7082387 | Q16: =IF(ISERROR((E16-F16)/H16),0,(E16-F16)/H16) -> 0.11893381 | R16: =IF(C16=0,0,((E16-F16+K16)/H16)) -> 1.7889242 | S16: =IF(C16=0,0,(VLOOKUP($G16,'[1]APP 2885'!B10:G51,4)*$D16)/($E16-$F16+$K16)) -> 1.6103898
A17: =_xlfn.CONCAT(B17," ","T") -> Low Flow Showerhead T | B17: Low Flow Showerhead | C17: =INDEX('[1]2025 WIP report WIP'!$H$4:$AX$99,MATCH(C$29,'[1]2025 WIP report WIP'!$H$4:$H$99,0),MATCH('2025.Org'!$B17,'[1]2025 WIP report WIP'!$H$4:$AX$4,0)) -> 1 | D17: =INDEX('[1]2025 WIP report WIP'!$H$4:$AX$99,MATCH(D$29,'[1]2025 WIP report WIP'!$H$4:$H$99,0),MATCH('2025.Org'!$A17,'[1]2025 WIP report WIP'!$H$4:$AX$4,0)) -> 5 | E17: =INDEX('[1]2025 WIP report WIP'!$H$4:$AX$99,MATCH(E$29,'[1]2025 WIP report WIP'!$H$4:$H$99,0),MATCH('2025.Org'!$B17,'[1]2025 WIP report WIP'!$H$4:$AX$4,0)) -> 37.6 | F17: =ROUND(0.1*E17,2) -> 3.76 | G17: 10 | H17: =PV($C$23,G17,-D17) -> 38.496425 | I17: =ROUND(E17*0.3,2) -> 11.28 | J17: =ROUND(E17*0.1,2) -> 3.76 | K17: =$C$24*(D17/$D$20) -> 103.53149 | L17: =E17+I17+J17 -> 52.64 | M17: =IF(ISERROR(L17/H17),0,L17/H17) -> 1.3673997 | N17: =IFERROR((L17+K17)/H17,0) -> 4.0567792 | O17: =IF(C17=0,0,(VLOOKUP($G17,'[1]APP 2885'!B10:G51,6)*$D17)/($L17+$K17)) -> 0.44246231 | Q17: =IF(ISERROR((E17-F17)/H17),0,(E17-F17)/H17) -> 0.87904266 | R17: =IF(C17=0,0,((E17-F17+K17)/H17)) -> 3.5684221 | S17: =IF(C17=0,0,(VLOOKUP($G17,'[1]APP 2885'!B10:G51,4)*$D17)/($E17-$F17+$K17)) -> 0.45715452
A18: =_xlfn.CONCAT(B18," ","T") -> 0.91+ Tankless Water Heater T | B18: 0.91+ Tankless Water Heater | C18: =INDEX('[1]2025 WIP report WIP'!$H$4:$AX$99,MATCH(C$29,'[1]2025 WIP report WIP'!$H$4:$H$99,0),MATCH('2025.Org'!$B18,'[1]2025 WIP report WIP'!$H$4:$AX$4,0)) -> 4 | D18: =INDEX('[1]2025 WIP report WIP'!$H$4:$AX$99,MATCH(D$29,'[1]2025 WIP report WIP'!$H$4:$H$99,0),MATCH('2025.Org'!$A18,'[1]2025 WIP report WIP'!$H$4:$AX$4,0)) -> 216 | E18: =INDEX('[1]2025 WIP report WIP'!$H$4:$AX$99,MATCH(E$29,'[1]2025 WIP report WIP'!$H$4:$H$99,0),MATCH('2025.Org'!$B18,'[1]2025 WIP report WIP'!$H$4:$AX$4,0)) -> 29595.74 | F18: =ROUND(0.1*E18,2) -> 2959.57 | G18: 10 | H18: =PV($C$23,G18,-D18) -> 1663.0456 | I18: =ROUND(E18*0.3,2) -> 8878.72 | J18: =ROUND(E18*0.1,2) -> 2959.57 | K18: =$C$24*(D18/$D$20) -> 4472.5606 | L18: =E18+I18+J18 -> 41434.03 | M18: =IF(ISERROR(L18/H18),0,L18/H18) -> 24.914549 | N18: =IFERROR((L18+K18)/H18,0) -> 27.603928 | O18: =IF(C18=0,0,(VLOOKUP($G18,'[1]APP 2885'!B10:G51,6)*$D18)/($L18+$K18)) -> 0.065025957 | Q18: =IF(ISERROR((E18-F18)/H18),0,(E18-F18)/H18) -> 16.0165 | R18: =IF(C18=0,0,((E18-F18+K18)/H18)) -> 18.70588 | S18: =IF(C18=0,0,(VLOOKUP($G18,'[1]APP 2885'!B10:G51,4)*$D18)/($E18-$F18+$K18)) -> 0.087208959
A19: =_xlfn.CONCAT(B19," ","T") -> 0.64+ Storage Water Heater T | B19: 0.64+ Storage Water Heater | C19: =INDEX('[1]2025 WIP report WIP'!$H$4:$AX$99,MATCH(C$29,'[1]2025 WIP report WIP'!$H$4:$H$99,0),MATCH('2025.Org'!$B19,'[1]2025 WIP report WIP'!$H$4:$AX$4,0)) -> 9 | D19: =INDEX('[1]2025 WIP report WIP'!$H$4:$AX$99,MATCH(D$29,'[1]2025 WIP report WIP'!$H$4:$H$99,0),MATCH('2025.Org'!$A19,'[1]2025 WIP report WIP'!$H$4:$AX$4,0)) -> 264 | E19: =INDEX('[1]2025 WIP report WIP'!$H$4:$AX$99,MATCH(E$29,'[1]2025 WIP report WIP'!$H$4:$H$99,0),MATCH('2025.Org'!$B19,'[1]2025 WIP report WIP'!$H$4:$AX$4,0)) -> 61290.1 | F19: =ROUND(0.1*E19,2) -> 6129.01 | G19: 16 | H19: =PV($C$23,G19,-D19) -> 2848.9912 | I19: =ROUND(E19*0.3,2) -> 18387.03 | J19: =ROUND(E19*0.1,2) -> 6129.01 | K19: =$C$24*(D19/$D$20) -> 5466.4629 | L19: =E19+I19+J19 -> 85806.14 | M19: =IF(ISERROR(L19/H19),0,L19/H19) -> 30.118078 | N19: =IFERROR((L19+K19)/H19,0) -> 32.036814 | O19: =IF(C19=0,0,(VLOOKUP($G19,'[1]APP 2885'!B10:G51,6)*$D19)/($L19+$K19)) -> 0.063807099 | Q19: =IF(ISERROR((E19-F19)/H19),0,(E19-F19)/H19) -> 19.361622 | R19: =IF(C19=0,0,((E19-F19+K19)/H19)) -> 21.280358 | S19: =IF(C19=0,0,(VLOOKUP($G19,'[1]APP 2885'!B10:G51,4)*$D19)/($E19-$F19+$K19)) -> 0.087350384
B20: TOTAL PROGRAM | C20: =SUM(C6:C19) -> 349 | D20: =SUM(D6:D19) -> 18207.02 | E20: =SUM(E6:E19) -> 1589907.9 | F20: =SUM(F6:F19) -> 158990.81 | G20: =SUMPRODUCT(D6:D19,G6:G19)/SUM(D6:D19) -> 36.21269 | H20: =SUM(H6:H19) -> 281409.83 | I20: =SUM(I6:I19) -> 476972.37 | J20: =SUM(J6:J19) -> 158990.81 | K20: =C24 -> 377000 | L20: =SUM(L6:L19) -> 2225871.1 | M20: =L20/H20 -> 7.9097133 | N20: =(L20+K20)/H20 -> 9.2493964 | O20: =IF(C20=0,0,(VLOOKUP($G20,'[1]APP 2885'!B10:G51,6)*$D20)/($L20+$K20)) -> 0.49139704 | Q20: =E20/H20 -> 5.6497952 | R20: =(E20+K20)/H20 -> 6.9894783 | S20: =IF(C20=0,0,(VLOOKUP($G20,'[1]APP 2885'!B10:G51,4)*$D20)/($E20-$F20+$K20)) -> 0.64311594
B21: IRP discount rate | C21: 0.0506
B22: Inflation rate | C22: 0.02
B23: EE discount rate | C23: 0.0506
B24: Program Admin costs | C24: 377000
B25: 30% Project Coordination Fee | C25: =I20 -> 476972.37
B26: 10% Indirect Rate | C26: =J20 -> 158990.81
C29: MEASURE COUNT | D29: Therms | E29: MEASURE INSTALLED COST

Sheet 2024 Totals
A1: CASCADE NATURAL GAS CORPORATION
A2: 2024 LOW INCOME Program Participant Cost Effectiveness Estimates
A3: TOTAL by MEASURE
A5: MEASURE | B5: MEASURES | C5: TOTAL ANNUAL THERM SAVINGS | D5: MEASURE INSTALLED COST | E5: NON-ENERGY BENEFITS (10% of cost) | F5: MEASURE LIFE | G5: DISCOUNTED THERM SAVINGS | H5: PROJECT COORDINATION FEE (20% of cost) | I5: INDIRECT RATE (10% of cost) | J5: CASCADE ADMIN | K5: PROGRAM REBATE W/COORDINATION FEE & INDIRECT RATE | L5: UTILITY COST | M5: UC W/DELIVERY & ADMIN | N5: BENEFIT COST RATIO | P5: TOTAL RESOURCE COST | Q5: TRC W/DELIVERY & ADMIN | R5: BENEFIT COST RATIO
A6: Attic/Ceiling Insulation | B6: 39 | C6: 4013.17 | D6: 172700.78 | E6: =ROUND(0.1*D6,2) -> 17270.08 | F6: 45 | G6: =PV($B$23,F6,-C6) -> 70708.575 | H6: =ROUND(D6*0.2,2) -> 34540.16 | I6: =ROUND(D6*0.1,2) -> 17270.08 | J6: =$B$24*(C6/$C$20) -> 87577.282 | K6: =D6+H6+I6 -> 224511.02 | L6: =IF(ISERROR(K6/G6),0,K6/G6) -> 3.1751597 | M6: =IFERROR((K6+J6)/G6,0) -> 4.4137263 | N6: =IF(B6=0,0,(VLOOKUP($F6,'APP 2885'!B10:G51,6)*$C6)/($K6+$J6)) -> 1.1155256 | P6: =IF(ISERROR((D6-E6)/G6),0,(D6-E6)/G6) -> 2.1981874 | Q6: =IF(B6=0,0,((D6-E6+J6)/G6)) -> 3.436754 | R6: =IF(B6=0,0,(VLOOKUP($F6,'APP 2885'!B10:G51,4)*$C6)/($D6-$E6+$J6)) -> 1.3025034
A7: Wall Insulation | B7: 20 | C7: 1543.05 | D7: 77536.7 | E7: =ROUND(0.1*D7,2) -> 7753.67 | F7: 45 | G7: =PV($B$23,F7,-C7) -> 27187.203 | H7: =ROUND(D7*0.2,2) -> 15507.34 | I7: =ROUND(D7*0.1,2) -> 7753.67 | J7: =$B$24*(C7/$C$20) -> 33673.162 | K7: =D7+H7+I7 -> 100797.71 | L7: =IF(ISERROR(K7/G7),0,K7/G7) -> 3.7075425 | M7: =IFERROR((K7+J7)/G7,0) -> 4.9461091 | N7: =IF(B7=0,0,(VLOOKUP($F7,'APP 2885'!B10:G51,6)*$C7)/($K7+$J7)) -> 0.99545415 | P7: =IF(ISERROR((D7-E7)/G7),0,(D7-E7)/G7) -> 2.5667602 | Q7: =IF(B7=0,0,((D7-E7+J7)/G7)) -> 3.8053268 | R7: =IF(B7=0,0,(VLOOKUP($F7,'APP 2885'!B10:G51,4)*$C7)/($D7-$E7+$J7)) -> 1.1763467
A8: Floor Insulation | B8: 37 | C8: 2085.88 | D8: 180460.7 | E8: =ROUND(0.1*D8,2) -> 18046.07 | F8: 45 | G8: =PV($B$23,F8,-C8) -> 36751.397 | H8: =ROUND(D8*0.2,2) -> 36092.14 | I8: =ROUND(D8*0.1,2) -> 18046.07 | J8: =$B$24*(C8/$C$20) -> 45519.054 | K8: =D8+H8+I8 -> 234598.91 | L8: =IF(ISERROR(K8/G8),0,K8/G8) -> 6.3834012 | M8: =IFERROR((K8+J8)/G8,0) -> 7.6219678 | N8: =IF(B8=0,0,(VLOOKUP($F8,'APP 2885'!B10:G51,6)*$C8)/($K8+$J8)) -> 0.64597817 | P8: =IF(ISERROR((D8-E8)/G8),0,(D8-E8)/G8) -> 4.4192777 | Q8: =IF(B8=0,0,((D8-E8+J8)/G8)) -> 5.6578444 | R8: =IF(B8=0,0,(VLOOKUP($F8,'APP 2885'!B10:G51,4)*$C8)/($D8-$E8+$J8)) -> 0.79118185
A9: Duct Insulation | B9: 28 | C9: 701.69 | D9: 67567.4 | E9: =ROUND(0.1*D9,2) -> 6756.74 | F9: 13 | G9: =PV($B$23,F9,-C9) -> 6567.6307 | H9: =ROUND(D9*0.2,2) -> 13513.48 | I9: =ROUND(D9*0.1,2) -> 6756.74 | J9: =$B$24*(C9/$C$20) -> 15312.609 | K9: =D9+H9+I9 -> 87837.62 | L9: =IF(ISERROR(K9/G9),0,K9/G9) -> 13.374324 | M9: =IFERROR((K9+J9)/G9,0) -> 15.705851 | N9: =IF(B9=0,0,(VLOOKUP($F9,'APP 2885'!B10:G51,6)*$C9)/($K9+$J9)) -> 0.12047409 | P9: =IF(ISERROR((D9-E9)/G9),0,(D9-E9)/G9) -> 9.2591473 | Q9: =IF(B9=0,0,((D9-E9+J9)/G9)) -> 11.590674 | R9: =IF(B9=0,0,(VLOOKUP($F9,'APP 2885'!B10:G51,4)*$C9)/($D9-$E9+$J9)) -> 0.14840678
A10: Water Heater Insulation | B10: 6 | C10: 38.4 | D10: 1402.75 | E10: =ROUND(0.1*D10,2) -> 140.28 | F10: 13 | G10: =PV($B$23,F10,-C10) -> 359.41373 | H10: =ROUND(D10*0.2,2) -> 280.55 | I10: =ROUND(D10*0.1,2) -> 140.28 | J10: =$B$24*(C10/$C$20) -> 837.98285 | K10: =D10+H10+I10 -> 1823.58 | L10: =IF(ISERROR(K10/G10),0,K10/G10) -> 5.0737628 | M10: =IFERROR((K10+J10)/G10,0) -> 7.4052899 | N10: =IF(B10=0,0,(VLOOKUP($F10,'APP 2885'!B10:G51,6)*$C10)/($K10+$J10)) -> 0.25551303 | P10: =IF(ISERROR((D10-E10)/G10),0,(D10-E10)/G10) -> 3.5125815 | Q10: =IF(B10=0,0,((D10-E10+J10)/G10)) -> 5.8441086 | R10: =IF(B10=0,0,(VLOOKUP($F10,'APP 2885'!B10:G51,4)*$C10)/($D10-$E10+$J10)) -> 0.29433653
A11: Furnace Tune Up | B11: 6 | C11: 126 | D11: 2406.07 | E11: =ROUND(0.1*D11,2) -> 240.61 | F11: 18 | G11: =PV($B$23,F11,-C11) -> 1466.0079 | H11: =ROUND(D11*0.2,2) -> 481.21 | I11: =ROUND(D11*0.1,2) -> 240.61 | J11: =$B$24*(C11/$C$20) -> 2749.6312 | K11: =D11+H11+I11 -> 3127.89 | L11: =IF(ISERROR(K11/G11),0,K11/G11) -> 2.1336106 | M11: =IFERROR((K11+J11)/G11,0) -> 4.0092016 | N11: =IF(B11=0,0,(VLOOKUP($F11,'APP 2885'!B10:G51,6)*$C11)/($K11+$J11)) -> 0.53229582 | P11: =IF(ISERROR((D11-E11)/G11),0,(D11-E11)/G11) -> 1.4771135 | Q11: =IF(B11=0,0,((D11-E11+J11)/G11)) -> 3.3527044 | R11: =IF(B11=0,0,(VLOOKUP($F11,'APP 2885'!B10:G51,4)*$C11)/($D11-$E11+$J11)) -> 0.57884582
A12: Duct Sealing | B12: 29 | C12: 2233 | D12: 33209.07 | E12: =ROUND(0.1*D12,2) -> 3320.91 | F12: 18 | G12: =PV($B$23,F12,-C12) -> 25980.918 | H12: =ROUND(D12*0.2,2) -> 6641.81 | I12: =ROUND(D12*0.1,2) -> 3320.91 | J12: =$B$24*(C12/$C$20) -> 48729.576 | K12: =D12+H12+I12 -> 43171.79 | L12: =IF(ISERROR(K12/G12),0,K12/G12) -> 1.661673 | M12: =IFERROR((K12+J12)/G12,0) -> 3.537264 | N12: =IF(B12=0,0,(VLOOKUP($F12,'APP 2885'!B10:G51,6)*$C12)/($K12+$J12)) -> 0.6033141 | P12: =IF(ISERROR((D12-E12)/G12),0,(D12-E12)/G12) -> 1.1503889 | Q12: =IF(B12=0,0,((D12-E12+J12)/G12)) -> 3.0259799 | R12: =IF(B12=0,0,(VLOOKUP($F12,'APP 2885'!B10:G51,4)*$C12)/($D12-$E12+$J12)) -> 0.64134562
A13: Infiltration | B13: 44 | C13: 572 | D13: 159789.33 | E13: =ROUND(0.1*D13,2) -> 15978.93 | F13: 10 | G13: =PV($B$23,F13,-C13) -> 4403.991 | H13: =ROUND(D13*0.2,2) -> 31957.87 | I13: =ROUND(D13*0.1,2) -> 15978.93 | J13: =$B$24*(C13/$C$20) -> 12482.453 | K13: =D13+H13+I13 -> 207726.13 | L13: =IF(ISERROR(K13/G13),0,K13/G13) -> 47.167701 | M13: =IFERROR((K13+J13)/G13,0) -> 50.002051 | N13: =IF(B13=0,0,(VLOOKUP($F13,'APP 2885'!B10:G51,6)*$C13)/($K13+$J13)) -> 0.035897965 | P13: =IF(ISERROR((D13-E13)/G13),0,(D13-E13)/G13) -> 32.654562 | Q13: =IF(B13=0,0,((D13-E13+J13)/G13)) -> 35.488913 | R13: =IF(B13=0,0,(VLOOKUP($F13,'APP 2885'!B10:G51,4)*$C13)/($D13-$E13+$J13)) -> 0.045967041
A14: 95%+ Furnace | B14: 21 | C14: 2331 | D14: 181382.9 | E14: =ROUND(0.1*D14,2) -> 18138.29 | F14: 45 | G14: =PV($B$23,F14,-C14) -> 41070.199 | H14: =ROUND(D14*0.2,2) -> 36276.58 | I14: =ROUND(D14*0.1,2) -> 18138.29 | J14: =$B$24*(C14/$C$20) -> 50868.178 | K14: =D14+H14+I14 -> 235797.77 | L14: =IF(ISERROR(K14/G14),0,K14/G14) -> 5.741335 | M14: =IFERROR((K14+J14)/G14,0) -> 6.9799017 | N14: =IF(B14=0,0,(VLOOKUP($F14,'APP 2885'!B10:G51,6)*$C14)/($K14+$J14)) -> 0.70540032 | P14: =IF(ISERROR((D14-E14)/G14),0,(D14-E14)/G14) -> 3.9747704 | Q14: =IF(B14=0,0,((D14-E14+J14)/G14)) -> 5.213337 | R14: =IF(B14=0,0,(VLOOKUP($F14,'APP 2885'!B10:G51,4)*$C14)/($D14-$E14+$J14)) -> 0.85864078
A15: 90%+ Direct Vent Space Heater | B15: 0 | C15: 0 | D15: 0 | E15: =ROUND(0.1*D15,2) -> 0 | F15: 18 | G15: =PV($B$23,F15,-C15) -> 0 | H15: =ROUND(D15*0.2,2) -> 0 | I15: =ROUND(D15*0.1,2) -> 0 | J15: =$B$24*(C15/$C$20) -> 0 | K15: =D15+H15+I15 -> 0 | L15: =IF(ISERROR(K15/G15),0,K15/G15) -> 0 | M15: =IFERROR((K15+J15)/G15,0) -> 0 | N15: =IF(B15=0,0,(VLOOKUP($F15,'APP 2885'!B10:G51,6)*$C15)/($K15+$J15)) -> 0 | P15: =IF(ISERROR((D15-E15)/G15),0,(D15-E15)/G15) -> 0 | Q15: =IF(B15=0,0,((D15-E15+J15)/G15)) -> 0 | R15: =IF(B15=0,0,(VLOOKUP($F15,'APP 2885'!B10:G51,4)*$C15)/($D15-$E15+$J15)) -> 0
A16: Low Flow Faucet Aerator | B16: 5 | C16: 35 | D16: 57.71 | E16: =ROUND(0.1*D16,2) -> 5.77 | F16: 20 | G16: =PV($B$23,F16,-C16) -> 433.96686 | H16: =ROUND(D16*0.2,2) -> 11.54 | I16: =ROUND(D16*0.1,2) -> 5.77 | J16: =$B$24*(C16/$C$20) -> 763.78645 | K16: =D16+H16+I16 -> 75.02 | L16: =IF(ISERROR(K16/G16),0,K16/G16) -> 0.17287034 | M16: =IFERROR((K16+J16)/G16,0) -> 1.9328813 | N16: =IF(B16=0,0,(VLOOKUP($F16,'APP 2885'!B10:G51,6)*$C16)/($K16+$J16)) -> 1.6394128 | P16: =IF(ISERROR((D16-E16)/G16),0,(D16-E16)/G16) -> 0.11968656 | Q16: =IF(B16=0,0,((D16-E16+J16)/G16)) -> 1.8796976 | R16: =IF(B16=0,0,(VLOOKUP($F16,'APP 2885'!B10:G51,4)*$C16)/($D16-$E16+$J16)) -> 1.5326216
A17: Low Flow Showerhead | B17: 0 | C17: 0 | D17: 0 | E17: =ROUND(0.1*D17,2) -> 0 | F17: 10 | G17: =PV($B$23,F17,-C17) -> 0 | H17: =ROUND(D17*0.2,2) -> 0 | I17: =ROUND(D17*0.1,2) -> 0 | J17: =$B$24*(C17/$C$20) -> 0 | K17: =D17+H17+I17 -> 0 | L17: =IF(ISERROR(K17/G17),0,K17/G17) -> 0 | M17: =IFERROR((K17+J17)/G17,0) -> 0 | N17: =IF(B17=0,0,(VLOOKUP($F17,'APP 2885'!B10:G51,6)*$C17)/($K17+$J17)) -> 0 | P17: =IF(ISERROR((D17-E17)/G17),0,(D17-E17)/G17) -> 0 | Q17: =IF(B17=0,0,((D17-E17+J17)/G17)) -> 0 | R17: =IF(B17=0,0,(VLOOKUP($F17,'APP 2885'!B10:G51,4)*$C17)/($D17-$E17+$J17)) -> 0
A18: 0.91+ Tankless Water Heater | B18: 9 | C18: 486 | D18: 60342.4 | E18: =ROUND(0.1*D18,2) -> 6034.24 | F18: 10 | G18: =PV($B$23,F18,-C18) -> 3741.8525 | H18: =ROUND(D18*0.2,2) -> 12068.48 | I18: =ROUND(D18*0.1,2) -> 6034.24 | J18: =$B$24*(C18/$C$20) -> 10605.72 | K18: =D18+H18+I18 -> 78445.12 | L18: =IF(ISERROR(K18/G18),0,K18/G18) -> 20.964247 | M18: =IFERROR((K18+J18)/G18,0) -> 23.798597 | N18: =IF(B18=0,0,(VLOOKUP($F18,'APP 2885'!B10:G51,6)*$C18)/($K18+$J18)) -> 0.075423432 | P18: =IF(ISERROR((D18-E18)/G18),0,(D18-E18)/G18) -> 14.513709 | Q18: =IF(B18=0,0,((D18-E18+J18)/G18)) -> 17.34806 | R18: =IF(B18=0,0,(VLOOKUP($F18,'APP 2885'!B10:G51,4)*$C18)/($D18-$E18+$J18)) -> 0.094034742
A19: 0.64+ Storage Water Heater | B19: 4 | C19: 132 | D19: 12756.81 | E19: =ROUND(0.1*D19,2) -> 1275.68 | F19: 16 | G19: =PV($B$23,F19,-C19) -> 1424.4956 | H19: =ROUND(D19*0.2,2) -> 2551.36 | I19: =ROUND(D19*0.1,2) -> 1275.68 | J19: =$B$24*(C19/$C$20) -> 2880.566 | K19: =D19+H19+I19 -> 16583.85 | L19: =IF(ISERROR(K19/G19),0,K19/G19) -> 11.64191 | M19: =IFERROR((K19+J19)/G19,0) -> 13.664076 | N19: =IF(B19=0,0,(VLOOKUP($F19,'APP 2885'!B10:G51,6)*$C19)/($K19+$J19)) -> 0.14960223 | P19: =IF(ISERROR((D19-E19)/G19),0,(D19-E19)/G19) -> 8.0597861 | Q19: =IF(B19=0,0,((D19-E19+J19)/G19)) -> 10.081952 | R19: =IF(B19=0,0,(VLOOKUP($F19,'APP 2885'!B10:G51,4)*$C19)/($D19-$E19+$J19)) -> 0.18437377
A20: TOTAL PROGRAM | B20: =SUM(B6:B19) -> 248 | C20: =SUM(C6:C19) -> 14297.19 | D20: =SUM(D6:D19) -> 949612.62 | E20: =SUM(E6:E19) -> 94961.27 | F20: =SUMPRODUCT(C6:C19,F6:F19)/SUM(C6:C19) -> 35.969632 | G20: =SUM(G6:G19) -> 220095.65 | H20: =SUM(H6:H19) -> 189922.52 | I20: =SUM(I6:I19) -> 94961.27 | J20: =B24 -> 312000 | K20: =SUM(K6:K19) -> 1234496.4 | L20: =K20/G20 -> 5.6089087 | M20: =(K20+J20)/G20 -> 7.0264742 | N20: =IF(B20=0,0,(VLOOKUP($F20,'APP 2885'!B10:G51,6)*$C20)/($K20+$J20)) -> 0.62680358 | P20: =D20/G20 -> 4.3145452 | Q20: =(D20+J20)/G20 -> 5.7321107 | R20: =IF(B20=0,0,(VLOOKUP($F20,'APP 2885'!B10:G51,4)*$C20)/($D20-$E20+$J20)) -> 0.75539174
A21: IRP discount rate | B21: 0.0506
A22: Inflation rate | B22: 0.02
A23: EE discount rate | B23: 0.0506
A24: Program Admin costs | B24: 312000
A25: 20% Project Coordination Fee | B25: =H20 -> 189922.52
A26: 10% Indirect Rate | B26: =I20 -> 94961.27

Sheet APP 2885
A1: CASCADE NATURAL GAS CORPORATION
A2: INTEGRATED RESOURCE PLAN
A3: PORTFOLIO COST APPENDIX 1 TABLE H
A4: 45 YEAR RESOURCE SUMMARY COSTS - MELDED COST PER THERM
B6: YEAR | C6: IRP ANNUAL | D6: NOMINAL | E6: PV OF | F6: NON | G6: PORTFOLIO
C7: PORTFOLIO | D7: COST | E7: RESOURCE | F7: ENERGY | G7: COSTS WITH
C8: COST PER | D8: PER | E8: PORTFOLIO | F8: BENEFIT | G8: CONSERVATION
C9: THERM (PV)* | D9: THERM | E9: COST/THERM | G9: CREDIT
A10: 2023 | B10: 1 | C10: 1.31 | D10: 1.31 | E10: 1.31 | F10: 0.1 | G10: 1.45
A11: 2024 | B11: 2 | C11: 1.19 | D11: 1.25 | E11: 2.56 | F11: 0.1 | G11: 2.82
A12: 2025 | B12: 3 | C12: 0.98 | D12: 1.08 | E12: 3.64 | F12: 0.1 | G12: 4.01
A13: 2026 | B13: 4 | C13: 0.82 | D13: 0.95 | E13: 4.6 | F13: 0.1 | G13: 5.06
A14: 2027 | B14: 5 | C14: 0.85 | D14: 1.03 | E14: 5.63 | F14: 0.1 | G14: 6.19
A15: 2028 | B15: 6 | C15: 0.79 | D15: 1.01 | E15: 6.64 | F15: 0.1 | G15: 7.3
A16: 2029 | B16: 7 | C16: 0.81 | D16: 1.09 | E16: 7.72 | F16: 0.1 | G16: 8.5
A17: 2030 | B17: 8 | C17: 1.9 | D17: 2.69 | E17: 10.41 | F17: 0.1 | G17: 11.46
A18: 2031 | B18: 9 | C18: 0.75 | D18: 1.11 | E18: 11.52 | F18: 0.1 | G18: 12.67
A19: 2032 | B19: 10 | C19: 0.67 | D19: 1.04 | E19: 12.56 | F19: 0.1 | G19: 13.82
A20: 2033 | B20: 11 | C20: 0.73 | D20: 1.2 | E20: 13.76 | F20: 0.1 | G20: 15.13
A21: 2034 | B21: 12 | C21: 0.67 | D21: 1.16 | E21: 14.92 | F21: 0.1 | G21: 16.41
... A59: 2072 | B59: 50 | C59: 0.34 | D59: 3 | E59: 102.61 | F59: 0.1 | G59: 112.87
A61: Cascade's Long Term Real Discount Rate: | E61: 0.0506
C62: IRP Discount Rate = | E62: 0.0506
C63: Revised Discount Rate= | E63: 0.0417
C64: Years 21-45 Escalation = | E64: 0.02 | F64: (EIA Inflation Rate)
